 Dungeon Crawl Stone Soup version 0.26-a0-844-g3dd439832f (webtiles) character file.

Game seed: 12146517541911497112

32 ringo67 the Ruffian (level 3, 36/36 HPs)
             Began as a Troll Chaos Knight on Nov 18, 2020.
             Was a Plaything of Xom.
             Quit the game on level 1 of the Dungeon.
             The game lasted 00:01:45 (450 turns).

ringo67 the Ruffian (Troll Chaos Knight)             Turns: 450, Time: 00:01:45

Health: 36/36      AC:  8    Str: 21    XL:     3   Next: 8%
Magic:  2/2        EV: 10    Int:  8    God:    Xom [..*...]
Gold:   49         SH:  0    Dex:  9    Spells: 2/2 levels left

rFire    . . .     SeeInvis .     - Unarmed
rCold    . . .     Faith    .   (no shield)
rNeg     . . .     Spirit   .   a - +2 robe
rPois    .         Reflect  .   (helmet restricted)
rElec    .         Harm     .   (no cloak)
rCorr    .         Rampage  .   (gloves unavailable)
MR       .....                  (boots unavailable)
Stlth    +.........             (no amulet)
HPRegen  0.52/turn              f - ring of wizardry
MPRegen  0.08/turn              (no ring)

@: no status effects
A: large, unfitting armour, claws 3, regeneration 1, shaggy fur 1, tough skin 3
a: Renounce Religion


You were on level 1 of the Dungeon.
You worshipped Xom.
You were a toy of Xom.
You visited 1 branch of the dungeon, and saw 1 of its levels.

You collected 49 gold pieces.

Inventory:

Armour
 a - a +2 robe (worn)
Jewellery
 f - a ring of wizardry (left claw)
Scrolls
 b - a scroll of amnesia {unknown}
 c - 3 scrolls of identify {unknown}
 d - a scroll of enchant weapon {unknown}
 g - 2 scrolls of teleportation {unknown}
Potions
 e - a potion of attraction {unknown}


   Skills:
 + Level 2.7 Fighting
 + Level 2.2 Dodging
 * Level 3.7 Unarmed Combat


You had 2 spell levels left.
You didn't know any spells.
Your spell library was empty.

Dungeon Overview and Level Annotations

Branches:
Dungeon (1/15)

Altars:


Innate Abilities, Weirdness & Mutations

You are too large for most types of armour.
You have claws for hands.
Your natural rate of healing is unusually fast.
You are covered in fur. (AC +1)
You have extremely tough skin. (AC +3)


Message History

You see here a frilled lizard corpse.
A goblin comes into view. It is wielding a +0 club.
The goblin shouts!
Found a scroll labelled ZUIBEA YRPHI.
A kobold comes into view. It is wielding a +0 whip.
The goblin barely misses you.
Found a scroll labelled ZUIBEA YRPHI.
You barely miss the goblin. The goblin hits you but does no damage.
You claw the goblin!
You kill the goblin!
You see here a +0 club.
You closely miss the kobold. Your claw misses the kobold.
The kobold hits you but does no damage.
You closely miss the kobold. The kobold hits you but does no damage.
You claw the kobold!
You kill the kobold!
No target in view!
Save game and exit?
Okay, then.
Are you sure you want to abandon this character and quit the game? (Confirm with "yes".)

#. .# #.###
#.# .... ?.#
#... ..#
#...#.?#
#......#
#..#)..#
......#
#...@..#
.......###
####)###
.......... #.#
......#### #.#
.......####
#.# #..
##..... ##.#
#.# ##.#### #
##### #..# .#
##.#... ##
###...### #.##
####.####.#.##
.###..†....#
#.#
#...#..##.#.#.


There were no monsters in sight!

Vanquished Creatures
  An ooze (D:1)
  2 dart slugs (D:1)
  A leopard gecko (D:1)
  2 giant cockroaches (D:1)
  4 goblins (D:1)
  A hobgoblin (D:1)
  3 kobolds (D:1)
  4 bats (D:1)
  2 frilled lizards (D:1)
  2 rats (D:1)
22 creatures vanquished.

Vanquished Creatures (collateral kills)
  A giant cockroach (D:1)
1 creature vanquished.

Grand Total: 23 creatures vanquished

Notes
Turn   | Place    | Note
-------+----------+-------------------------------------------
     0 | D:1      | ringo67 the Troll Chaos Knight began the quest for the Orb.
     0 | D:1      | Reached XP level 1. HP: 22/22 MP: 0/0
    17 | D:1      | XOM: potion effect (brilliance)
    72 | D:1      | XOM: silly message
   132 | D:1      | Reached XP level 2. HP: 29/29 MP: 1/1
   335 | D:1      | XOM: cast spell 'Summon Ice Beast'
   376 | D:1      | Reached XP level 3. HP: 36/36 MP: 2/2
   450 | D:1      | Quit the game

Illustrated notes

Levels and vault maps discovered:
D:1:      zelgadis_glass_arrival_small, layout_loops_cross

Skill      XL: |  1 |
---------------+----+-----
Dodging        | 2 |  2.2
Fighting       | |  2.7
Unarmed Combat | |  3.7

Action                   || total
-------------------------++-------
Melee: Unarmed           ||    62
Armor: Robe              ||    24
Dodge: Dodged            ||    34

Table legend: (Time is in decaauts)
 A = Elapsed time spent in this place.
 B = Non-inter-level travel time spent in this place.
 C = Inter-level travel time spent in this place.
 D = Time resting spent in this place.
 E = Time spent auto-exploring this place.
 F = Levels seen in this place.
 G = Mean time per level.
                   A        B        C        D        E       F      G
               +--------+--------+--------+--------+--------+-----+--------+
         Total |    446 |    446 |      0 |      0 |    323 |   1 |  446.0 |
       Dungeon |    446 |    446 |      0 |      0 |    323 |   1 |  446.0 |
               +--------+--------+--------+--------+--------+-----+--------+

Top non-repeatable levels by time:
     D:1: 446 daAuts
